 Dungeon Crawl Stone Soup version 0.19-a0-981-gaae9137 (webtiles) character file.

20 4thArraOfDagon the Chopper (level 2, -3/16 HPs)
             Began as a Vine Stalker Berserker on July 14, 2016.
             Was a Follower of Trog.
             Killed from afar by Natasha (6 damage)
             ... with a magic dart
             ... on level 3 of the Dungeon.
             The game lasted 00:01:06 (176 turns).

4thArraOfDagon the Chopper (Vine Stalker Berserker)  Turns: 176, Time: 00:01:06

Health: -3/16      AC:  2    Str: 19    XL:     2   Next: 79%
Magic:  0/3        EV: 12    Int:  7    God:    Trog [*.....]
Gold:   58         SH:  0    Dex: 13    Spells: 0 memorised, 1 level left

rFire  . . .     SeeInvis .     a - +0 hand axe
rCold  . . .     Gourm    .     b - +0 animal skin
rNeg   . . .     Faith    .     (no shield)
rPois  .         Spirit   +     (no helmet)
rElec  .         Dismiss  .     (no cloak)
rCorr  .         Reflect  .     (no gloves)
SustAt .         Harm     .     (no boots)
MR     .....                    (no amulet)
Stlth  +.........               (no ring)
                                (no ring)

@: exhausted, slowed, very slow, not resistant to hostile enchantments, very
unstealthy
A: fangs 2, regeneration 1, magic shield, antimagic bite, no device heal 3, rot
immunity
a: Berserk, Burn Spellbooks, Renounce Religion


You were on level 3 of the Dungeon.
You worshipped Trog.
Trog was aware of your devotion.
You were not hungry.

You visited 1 branch of the dungeon, and saw 3 of its levels.

You collected 58 gold pieces.

Inventory:

Hand Weapons
 a - a +0 hand axe (weapon)
Armour
 b - a +0 animal skin (worn)
Scrolls
 g - a scroll of magic mapping {unknown}
 h - a scroll of identify {unknown}
Potions
 e - 2 potions of berserk rage {unknown}
 f - a potion of resistance {unknown}
 i - a potion of heal wounds {unknown}
Comestibles
 c - 2 bread rations
 d - a beef jerky


   Skills:
 - Level 2.6 Fighting
 * Level 3.1 Axes
 + Level 1.8 Armour
 + Level 2.0 Dodging


You had one spell level left.
You didn't know any spells.

Dungeon Overview and Level Annotations

Branches:
Dungeon (3/15)

Altars:

Annotations:
D:3 Natasha


Innate Abilities, Weirdness & Mutations

You have extremely sharp teeth.
Your natural rate of healing is unusually fast.
When hurt, damage is shared between your health and your magic reserves.
Your bite disrupts and absorbs the magic of your enemies.
Potions and wands cannot restore your health.
You are immune to rotting.


Message History

Natasha shimmers violently.
Natasha casts a spell at you. You resist with significant effort.
Unknown command.
Unknown command.
Unknown command.
Unknown command.
Unknown command.
Natasha casts a spell at you. You resist with significant effort.
Natasha stares at you and mumbles some strange words.
The magic dart hits you!
Ouch! That really hurt!
* * * LOW HITPOINT WARNING * * *
You see here a sedimented purple potion.
Unknown command.
Unknown command.
Natasha stares at you and mumbles some strange words.
The magic dart hits you!
You die...

#... ... #... ...
##########..) ....
..........†.. .....
##.......†.
.....#########........).
........................
.....................#..
.....>.@######..........
.........!h...........#.
....#?#..............###
........##.##.........##
. ..#..###.##.#.........
.....#. #.##....†......
.###.#. ..##...........
# #. .##....#.......
.......###.†....


You could see Natasha.

Vanquished Creatures
  A dart slug (D:1)
  2 giant geckos (D:3)
  An orc (D:3)
  A giant cockroach (D:2)
  2 quokkas (D:3)
  3 bats (D:3)
  3 kobolds
  2 rats (D:2)
15 creatures vanquished.

Notes
Turn   | Place    | Note
-------+----------+-------------------------------------------
     0 | D:1      | 4thArraOfDagon the Vine Stalker Berserker began the quest for the Orb.
     0 | D:1      | Reached XP level 1. HP: 11/11 MP: 2/2
    27 | D:1      | You fall through a shaft!
    93 | D:2      | Reached skill level 3 in Axes
    93 | D:2      | Reached XP level 2. HP: 11/16 MP: 1/3
   166 | D:3      | Noticed Natasha
   176 | D:3      | Killed from afar by Natasha

Vault maps used:
D:1:      scummos_arrival_hexagon
D:2:      lemuel_coloured_pillars_altar
D:3:      grunt_temple_overflow_cloverleaf, first_bread, serial_bayou_pond_b,
          uniq_iyjb, uniq_jessica, uniq_natasha

Skill      XL: |  1  2 |
---------------+-------+-----
Axes           | 3 |  3.1
Dodging        | 2 |  2.0
Fighting       | |  2.6
Armour         | |  1.8

Action                   || total
-------------------------++-------
Melee: Hand axe          ||    26
       Bite              ||     7
Invok: Berserk           ||     1
Armor: Animal skin       ||     9
Dodge: Dodged            ||    26
